 Dungeon Crawl Stone Soup version 0.27.1-34-g3ba077fa99 (webtiles) character file.

Game seed: 10887858012975780376

8526 hawla the Slicer (level 11, -6/97 HPs)
             Began as a Black Draconian Conjurer on Jan 16, 2022.
             Was a Follower of Vehumet.
             Killed by refrigeration
             ... invoked by Fannar
              (27 damage)
             ... on level 10 of the Dungeon on Jan 17, 2022.
             The game lasted 00:49:22 (15954 turns).

hawla the Slicer (Black Draconian Conjurer)        Turns: 15954, Time: 00:49:24

Health: -6/97      AC:  8    Str: 10    XL:     11   Next: 11%
Magic:  18/18      EV: 12    Int: 20    God:    Vehumet [*.....]
Gold:   587        SH:  5    Dex:  9    Spells: 4/20 levels left

rFire    . . .     SeeInvis .   f - +2 flail (holy)
rCold    . . .     Faith    .   l - +1 buckler
rNeg     . . .     Spirit   .   (armour unavailable)
rPois    .         Reflect  .   (helmet restricted)
rElec    +         Harm     .   b - +0 cloak
rCorr    .         Rampage  .   (no gloves)
Will     .....                  (no boots)
Stlth    ++........             (no amulet)
HPRegen  0.26/turn              (no ring)
MPRegen  0.16/turn              (no ring)

@: no status effects
A: breathe lightning, AC +7, unfitting armour, electricity resistance,
cold-blooded, dopey 1, robust 1, subdued magic 1
a: Breathe Lightning, Renounce Religion


You were on level 10 of the Dungeon.
You worshipped Vehumet.
Vehumet was aware of your devotion.
You visited 2 branches of the dungeon, and saw 11 of its levels.
You also visited: Ossuary.

You collected 769 gold pieces.
You spent 182 gold pieces at shops.

Inventory:

Hand Weapons
 c - a +1 mace of venom
 f - a +2 flail of holy wrath (weapon)
 i - the +4 dagger of Deyntah {protect, *Slow +Blink Int+3 Dex+5 Stlth-}
   (You found it on level 4 of the Dungeon)

   It grants its wielder temporary protection when it strikes (+7 to AC).
   Int:       It affects your intelligence (+3).
   Dex:       It affects your dexterity (+5).
   +Blink:    It lets you blink.
   *Slow:     It may slow you when you take damage.
   Stlth:     It makes you less stealthy.
 r - a +0 short sword of draining
 v - a +4 vampiric rapier
Missiles
 a - 9 boomerangs
 x - 8 curare-tipped darts
 A - 31 poisoned darts (quivered)
Armour
 b - a +0 cloak (worn)
 l - a +1 buckler (worn)
Magical Staves
 d - a staff of air
Wands
 k - a wand of flame (39)
 q - a wand of charming (10)
 y - a wand of paralysis (7)
Scrolls
 s - 2 scrolls of teleportation
 t - a scroll of magic mapping
 w - a scroll of fog
Potions
 e - 2 potions of brilliance
 g - 3 potions of haste
 h - 2 potions of berserk rage
 j - 4 potions of curing
 m - a potion of ambrosia
 n - 7 potions of heal wounds
 u - a potion of flight {unknown}
 z - 2 potions of cancellation {unknown}
 B - 2 potions of resistance {unknown}
 C - a potion of invisibility {unknown}


   Skills:
 - Level 6.0 Fighting
 + Level 11.6 Short Blades
 + Level 3.8 Throwing
 - Level 2.0 Dodging
 - Level 3.0 Stealth
 - Level 4.0 Shields
 - Level 5.0 Spellcasting
 - Level 5.0 Conjurations
 - Level 4.0 Translocations
 + Level 2.6 Transmutations
 + Level 2.6 Fire Magic
 + Level 2.6 Poison Magic
 - Level 2.0 Evocations


You had 4 spell levels left.
You knew the following spells:

 Your Spells              Type           Power      Damage    Failure   Level
a - Magic Dart            Conj           76%        1d6       1%          1
b - Searing Ray           Conj           38%        3d4       1%          2
c - Iskenderun's Mystic   Conj/Tloc      17%        2d5       16%         4
d - Lesser Beckoning      Tloc           8%         N/A       5%          3
e - Ignite Poison         Fire/Tmut/Pois 11%        N/A       10%         3
f - Conjure Flame         Conj/Fire      15%        6-21      6%          3

Your spell library contained the following spells:

 Spells                   Type           Power      Damage    Failure   Level
 Shock                    Conj/Air       44%        1d5       3%          1
 Gell's Gravitas          Tloc           8%         N/A       5%          3
 Teleport Other           Tloc           16%        N/A       5%          3
 Dazzling Flash           Conj/Hex       22%        N/A       10%         3
 Inner Flame              Hex/Fire       7%         N/A       17%         3
 Sticky Flame             Conj/Fire      15%        2d4       21%         4
 Ozocubu's Armour         Ice            3%         N/A       30%         3
 Fulminant Prism          Conj/Hex       5%         3d7       34%         4
 Hailstorm                Conj/Ice       11%        3d5       34%         4
 Ice Form                 Ice/Tmut       7%         N/A       52%         4
 Cause Fear               Hex            1%         N/A       71%         4
 Metabolic Englaciation   Hex/Ice        1%         N/A       96%         5
 Starburst                Conj/Fire      7%         6d4       98%         6
 Simulacrum               Ice/Necr       1%         N/A       100%        6
 Discord                  Hex            1%         N/A       100%        8


Dungeon Overview and Level Annotations

Branches:
Dungeon (10/15)            Temple (1/1) D:6            Lair (0/6) D:10
    Orc (0/2) D:9         Ossuary (visited)

Altars:
Ashenzari
Cheibriados
Dithmenos
Elyvilon
Fedhas
Gozag
Hepliaklqana
Kikubaaqudgha
Makhleb
Nemelex Xobeh
Okawaru
Qazlal
Ru
Sif Muna
Trog
Uskayaw
Vehumet
Wu Jian
Xom
Yredelemnul
Zin
The Shining One

Shops:
D:8 (*

Annotations:
D:7 dig the gold
D:10 Fannar


Innate Abilities, Weirdness & Mutations

You can breathe wild blasts of lightning.
Your glossy black scales are hard. (AC +7)
You cannot fit into any form of body armour.
You are resistant to electric shocks. (rElec)
You are cold-blooded and may be slowed by cold attacks.
You are dopey. (Int -2)
You are robust. (+10% HP)
Your spells are a little easier to cast, but a little less powerful.


Message History

Found a rapier.
A shadow is nearby!
The shadow slips into darkness.
The shadow flickers and vanishes!
Deactivating autopickup; reactivate with Ctrl-A.
No target in view!
No target in view!
Your +2 flail of holy wrath softly glows with a divine radiance!
f - a +2 flail of holy wrath (weapon)
No target in view!
Found a scroll of amnesia.
Fannar the Cold-Hearted comes into view.
They are wielding a staff of cold and wearing a +1 robe of cold resistance.
Found a robe.
The shadow strikes at you from the darkness!
Reactivating autopickup.
You barely miss the shadow. The shadow hits you.
You completely miss the shadow. The shadow hits you.
The shadow slips into darkness.
The shadow flickers and vanishes!
Deactivating autopickup; reactivate with Ctrl-A.
You closely miss something.
The shadow strikes at you from the darkness!
Reactivating autopickup.
Fannar shouts!
You hit the shadow.
The shadow convulses.
The shadow is moderately damaged.
The shadow hits you.
You closely miss the shadow.
The shadow is moderately damaged.
The shadow barely misses you.
Fannar gestures wildly while chanting.
The shadow slips into darkness.
The shadow flickers and vanishes!
Deactivating autopickup; reactivate with Ctrl-A.
You barely miss something.
The shadow strikes at you from the darkness!
* * * LOW HITPOINT WARNING * * *
Reactivating autopickup.
Fannar mumbles some strange words.
Fannar drains the heat from the surrounding environment!
You die...

......####..#...PPP...#.###....#.
#...### ##...##...##...# ..#.#.
..### #....#...#..... ..#.. .####
#..#...≈... ... ....####
#...#######..[
###....######.##....)... #
####.....##.##.......#
#####....##........
###....@W....Y. #.............
#..........e.. #...........?.
#.....####.... #.....# ..##
####### ... ##


You could see Fannar, an ice beast (summoned) and a shadow.

Vanquished Creatures
  2 two-headed ogres
  A cyclops (D:6)
  A troll (D:9)
  Sigmund (D:2)
  A wyvern (D:9)
  Eustachio (D:4)
  8 yaks
  2 steam dragons
  2 water moccasins
  6 orc warriors
  5 ice beasts
  3 black bears
  A sky beast (D:6)
  2 centaurs (D:9)
  A hornet zombie (D:7)
  7 ogres
  6 kobold brigands
  2 bullfrogs
  A scorpion (D:4)
  3 gnoll sergeants (D:9)
  A water moccasin skeleton (D:6)
  2 killer bees (D:6)
  A howler monkey (D:9)
  4 bullfrog zombies
  A centaur zombie (D:8)
  6 hounds
  2 human zombies (Ossuary)
  3 orc priests
  2 gnoll shamans (D:5)
  2 jellies (D:6)
  A bullfrog skeleton (D:6)
  5 orc wizards
  A hound skeleton (D:4)
  2 howler monkey zombies
  6 mummies (Ossuary)
  10 adders
  25 gnolls
  A white imp (D:6)
  An ufetubus (D:7)
  2 worms (D:2)
  3 dart slugs
  27 orcs
  7 endoplasms
  4 hobgoblins
  7 jackals
  A quokka (D:5)
  3 ball pythons
  2 bats
  2 frilled lizards (D:1)
  A goblin zombie (Ossuary)
  4 kobolds
  3 kobold zombies (Ossuary)
  2 orc zombies (Ossuary)
  2 rats
202 creatures vanquished.

Vanquished Creatures (collateral kills)
  2 ogres (D:6)
  2 orcs (D:6)
4 creatures vanquished.

Grand Total: 206 creatures vanquished

Notes
Turn   | Place    | Note
-------+----------+-------------------------------------------
     0 | D:1      | hawla the Draconian Conjurer began the quest for the Orb.
     0 | D:1      | Reached XP level 1. HP: 14/14 MP: 3/3
   422 | D:1      | Reached XP level 2. HP: 5/22 MP: 1/5
  1302 | D:1      | Reached skill level 1 in Fighting
  2130 | D:1      | Learned a level 2 spell: Searing Ray
  2302 | D:2      | Reached XP level 3. HP: 20/29 MP: 1/6
  3155 | D:2      | Reached XP level 4. HP: 37/37 MP: 2/8
  3410 | D:2      | Noticed Sigmund
  3423 | D:2      | Killed Sigmund
  3424 | D:2      | Reached skill level 1 in Throwing
  3424 | D:2      | Reached XP level 5. HP: 24/45 MP: 0/11
  3584 | D:2      | Reached skill level 1 in Translocations
  3584 | D:2      | Reached XP level 6. HP: 41/51 MP: 1/12
  3766 | D:3      | Learned a level 4 spell: Iskenderun's Mystic Blast
  4140 | D:3      | Found a faded altar of an unknown god.
  4426 | D:3      | Found a sparkling altar of Nemelex Xobeh.
  4858 | D:4      | Noticed Eustachio
  4878 | D:4      | Killed Eustachio
  4879 | D:4      | Reached skill level 1 in Shields
  4879 | D:4      | Your scales start taking on a glossy black colour.
  4879 | D:4      | Reached XP level 7. HP: 33/58 MP: 0/13
  4879 | D:4      | Gained mutation: You are resistant to electric shocks.
                  | (rElec) [Black Draconian growth]
  4882 | D:4      | Identified the +4 dagger of Deyntah {protect, *Slow +Blink
                  | Int+3 Dex+5 Stlth-}
  5684 | D:5      | Entered Level 5 of the Dungeon
  6164 | D:5      | Reached skill level 1 in Short Blades
  6573 | D:5      | Reached skill level 5 in Conjurations
  6855 | D:5      | Reached XP level 8. HP: 60/67 MP: 7/15
  7596 | D:5      | Reached skill level 2 in Short Blades
  7596 | D:5      | Reached skill level 5 in Spellcasting
  7901 | D:6      | Reached skill level 5 in Fighting
  7935 | D:6      | Reached skill level 3 in Short Blades
  8023 | D:6      | Found a sand-covered staircase.
  8028 | Ossuary  | Entered an ossuary
  8846 | D:6      | Found a staircase to the Ecumenical Temple.
  9530 | D:6      | Reached skill level 4 in Short Blades
  9530 | D:6      | Reached XP level 9. HP: 75/75 MP: 3/16
  9775 | D:6      | Reached skill level 5 in Short Blades
  9944 | D:6      | Reached skill level 6 in Short Blades
 10095 | D:6      | Noticed a cyclops
 10106 | D:6      | Killed a cyclops
 10107 | D:6      | Reached skill level 7 in Short Blades
 10549 | D:7      | Reached skill level 8 in Short Blades
 10984 | D:7      | Found a hazy altar of Hepliaklqana.
 11078 | D:7      | Found a snail-covered altar of Cheibriados.
 11079 | D:7      | Found a glowing golden altar of the Shining One.
 11113 | Temple   | Entered the Ecumenical Temple
 11286 | Temple   | Became a worshipper of Vehumet
 11666 | D:8      | Found Dunut's Antique Weapon Boutique.
 11677 | D:8      | Bought a glowing rapier for 182 gold pieces
 11874 | D:8      | Learned a level 3 spell: Lesser Beckoning
 11920 | D:8      | Reached skill level 1 in Evocations
 12226 | D:8      | Found an opulent altar of Gozag.
 12353 | D:8      | Found a shadowy altar of Dithmenos.
 12775 | D:8      | Found Oni Hosch's Assorted Antiques.
 12894 | D:9      | Reached XP level 10. HP: 75/83 MP: 1/17
 12924 | D:9      | Reached skill level 9 in Short Blades
 13134 | D:9      | Found the +4 moon troll leather armour {Spirit, Regen++
                  | MP+5}
 13402 | D:9      | Reached skill level 10 in Short Blades
 13518 | D:9      | Reached * piety under Vehumet
 13518 | D:9      | Offered knowledge of Shock by Vehumet.
 13648 | D:9      | Noticed a two-headed ogre
 13658 | D:9      | Killed a two-headed ogre
 13659 | D:9      | Reached skill level 11 in Short Blades
 13904 | D:9      | Found a staircase to the Orcish Mines.
 14243 | D:9      | Gained mutation: Your spells are a little easier to cast,
                  | but a little less powerful. [potion of mutation]
 14243 | D:9      | Gained mutation: You are dopey. (Int -2) [potion of
                  | mutation]
 14243 | D:9      | Gained mutation: You are robust. (+10% HP) [potion of
                  | mutation]
 14278 | D:9      | Learned a level 3 spell: Ignite Poison
 14282 | D:9      | Learned a level 3 spell: Conjure Flame
 14705 | D:9      | Reached skill level 1 in Transmutations
 14705 | D:9      | Reached skill level 1 in Fire Magic
 14705 | D:9      | Reached skill level 1 in Poison Magic
 15396 | D:10     | Entered Level 10 of the Dungeon
 15402 | D:10     | Found a staircase to the Lair.
 15462 | D:10     | Noticed a two-headed ogre
 15469 | D:10     | Killed a two-headed ogre
 15470 | D:10     | Reached XP level 11. HP: 97/97 MP: 14/18
 15948 | D:10     | Noticed Fannar
 15954 | D:10     | Killed from afar by Fannar

Illustrated notes

Levels and vault maps discovered:
D:1:      nzn_arrival_crosshair, layout_basic, st_stairs_10
D:2:      layout_rooms, dk_noncrumbling_3, uniq_sigmund
D:3:      layout_rooms, nemelex_dance_club_becter,
          hellmonk_ecumenical_altar_arch_garden
D:4:      layout_layer_cave, uniq_eustachio
D:5:      layout_basic
D:6:      kennysheep_windowed_halls, layout_rooms, minmay_temple_entry_mist,
          enter_ossuary_5, portal_sewer_entry_d
D:7:      layout_cave_pools, mainiacjoe_overflow_24_doors,
          mainiacjoe_overflow_divided_tiny, kennysheep_decorative_pillar,
          hangedman_decor_diamond_cutter, minmay_misc_feat_hallway,
          hangedman_decor_peaks_small, minmay_stone_trees_small,
          minmay_statues_item, minivault_23
D:8:      layout_basic, mainiacjoe_overflow_brackets,
          nicolae_gozag_cash_rules_everything_around_me, serial_shops,
          nicolae_shop_statue_plus, kennysheep_mini
D:9:      layout_basic, kennysheep_orc_monster_closet_entryway,
          kennysheep_generic_room_15
D:10:     layout_rooms, dpeg_oklobed_lair, uniq_harold, uniq_fannar
Temple:   eino_temple_scatter_basement

Skill      XL: |  1  2  3  4  5  6  7  8  9 10 |
---------------+-------------------------------+-----
Dodging        | 2 |  2.0
Stealth        | 2 3 |  3.0
Fighting       | 1 2 3 4 5 6 |  6.0
Spellcasting   | 3 4 5 |  5.0
Throwing       | 1 2 3 |  3.8
Translocations | 1 2 4 |  4.0
Shields        | 1 2 4 |  4.0
Short Blades   | 1 4 8 11 | 11.6
Conjurations   | 5 |  5.0
Evocations     | 2 |  2.0
Transmutations | 2 |  2.6
Fire Magic     | 2 |  2.6
Poison Magic   | 2 |  2.6

Action                   |  1- 3 |  4- 6 |  7- 9 | 10-12 || total
-------------------------+-------+-------+-------+-------++-------
Melee: Dagger            |    83 |       |   126 |       ||   209
       Tailslap          |     9 |     5 |    26 |    13 ||    53
       Mace              |       |    43 |       |     7 ||    50
       Flail             |       |     3 |    51 |     6 ||    60
       Rapier            |       |       |    23 |    75 ||    98
       Short sword       |       |       |       |    56 ||    56
Throw: Boomerang         |     4 |       |     1 |       ||     5
       Dart              |       |       |       |    23 ||    23
 Cast: Magic Dart        |    34 |    11 |    24 |    14 ||    83
       Searing Ray       |    11 |    10 |    45 |    25 ||    91
       Iskenderun's Myst |       |     2 |    40 |    18 ||    60
       Lesser Beckoning  |       |       |     1 |       ||     1
       Ignite Poison     |       |       |       |     7 ||     7
 Abil: Breathe Lightning |       |       |     3 |       ||     3
  Use: Scroll            |     4 |     3 |     9 |     3 ||    19
       Potion            |       |     2 |     1 |     6 ||     9
 Stab: Sleeping          |     1 |     1 |     1 |       ||     3
       Distracted        |       |       |     3 |       ||     3
Armor: Skin              |    36 |    36 |   111 |    59 ||   242
Dodge: Dodged            |    70 |    47 |   131 |    52 ||   300
Block: Buckler           |       |     1 |    50 |    36 ||    87
